 Dungeon Crawl Stone Soup version 0.25-a0-632-g7713895373 (webtiles) character file.

Game seed: 5824445009956860138, levelgen mode: classic

1193 EnegeticOcto the Slasher (level 8, -4/54 HPs)
             Began as an Octopode Fighter on Mar 19, 2020.
             Was a Believer of Uskayaw.
             Killed by nerve-wracking pain
             ... invoked by an orc priest
              (13 damage)
             ... on level 5 of the Dungeon.
             The game lasted 00:03:25 (4060 turns).

EnegeticOcto the Slasher (Octopode Fighter)         Turns: 4060, Time: 00:03:26

Health: -4/54      AC:  1    Str: 15    XL:     8   Next: 43%
Magic:  10/10      EV: 13    Int: 10    God:    Uskayaw [**....]
Gold:   151        SH: 10    Dex: 14    Spells: 7/7 levels left

rFire    . . .     SeeInvis .   i - +2 dagger (elec)
rCold    . . .     Gourm    .   b - +1 kite shield
rNeg     . . .     Faith    .   (helmet restricted)
rPois    .         Spirit   .   t - amulet of regeneration
rElec    .         Reflect  .   s - ring of stealth
rCorr    .         Harm     .   (no ring)
MR       .....                  (no ring)
Stlth    +++++.....             (no ring)
HPRegen  0.58/turn              (no ring)
MPRegen  0.12/turn              (no ring)
                                (no ring)
                                (no ring)

@: no status effects
A: almost no armour, stealthy swim, amphibious, 8 rings, constrict 8, camouflage
1, gelatinous body 1
a: Stomp, Line Pass, Renounce Religion


You were on level 5 of the Dungeon.
You worshipped Uskayaw.
Uskayaw was noncommittal.
You were not hungry.

You visited 1 branch of the dungeon, and saw 5 of its levels.

You collected 151 gold pieces.

Inventory:

Hand Weapons
 a - a +0 long sword
 i - a +2 dagger of electrocution (weapon)
Missiles
 f - a throwing net (quivered)
Armour
 b - a +1 kite shield (worn)
Jewellery
 s - a ring of stealth (left tentacle)
 t - an amulet of regeneration (around mantle)
Wands
 g - a wand of acid (11) {@v1}
 r - a wand of flame (16)
Scrolls
 c - 4 scrolls of teleportation {@r2}
 h - 2 scrolls of magic mapping {@r5}
 m - a scroll of enchant armour
 o - a scroll of fog
 p - a scroll of identify {@r1}
Potions
 d - a potion of berserk rage
 k - 2 potions of might {@q3}
 n - 3 potions of curing {@q1}
 q - a potion of magic
Comestibles
 e - 11 rations
 j - a chunk of flesh


   Skills:
 + Level 4.8 Fighting
 * Level 5.8 Long Blades
 + Level 4.8 Dodging
 + Level 4.3 Stealth
 + Level 4.9 Shields
 + Level 3.2 Invocations


You had 7 spell levels left.
You didn't know any spells.
Your spell library was empty.

Dungeon Overview and Level Annotations

Branches:
Dungeon (5/15)             Temple (0/1) D:4

Altars:
Ashenzari
Cheibriados
Dithmenos
Hepliaklqana
Kikubaaqudgha
Okawaru
Uskayaw
Wu Jian


Innate Abilities, Weirdness & Mutations

You cannot wear most types of armour.
You are very stealthy in the water. (Stealth+)
You are amphibious.
You can wear up to eight rings at the same time.
You can use your tentacles to constrict eight enemies at once.
Your skin changes colour to match your surroundings (Stealth+).
Your rubbery body absorbs attacks. (AC +1, EV +1)


Message History

The phantom barely misses you.
You hit the phantom.
The phantom is lightly damaged.
The phantom barely misses you.
You hit the phantom.
The phantom is lightly damaged.
You hit the phantom. Your squeeze misses the phantom.
The phantom is lightly damaged.
The phantom blinks!
The phantom blinks!
You hit the phantom but do no damage. Lightning courses through the phantom!
The phantom is heavily damaged.
The phantom hits you.
You puncture the phantom! Your squeeze misses the phantom.
The phantom is severely damaged.
The phantom hits you.
You can now pass through a line of other dancers.
You closely miss the phantom.
The phantom is severely damaged.
The phantom blinks!
You can no longer pass through a line of other dancers.
Found 12 gold pieces.
You hit the phantom but do no damage. Lightning courses through the phantom!
You destroy the phantom!
You can now pass through a line of other dancers.
No target in view!
No target in view!
No target in view!
No target in view!
No target in view!
No target in view!
No target in view!
No target in view!
No target in view!
No target in view!
No target in view!
No target in view!
No target in view!
Some of the chunks of flesh in your inventory have rotted away.
You can no longer pass through a line of other dancers.
HP restored.
You now have 151 gold pieces (gained 12).
Found 30 sling bullets and a glowing dagger.
Found 23 stones.
A worker ant comes into view.
A worker ant is nearby!
The helpless worker ant fails to defend itself.
You impale the worker ant!!
Lightning courses through the worker ant!
You kill the worker ant!
No target in view!
No target in view!
No target in view!
No target in view!
No target in view!
An orc wizard comes into view. It is wielding a +0 dagger.
An orc wizard is nearby!
An orc wizard is nearby!
An iron imp comes into view.
Found a snail-covered altar of Cheibriados.
An orc priest comes into view. It is wielding a +1 mace of venom.
An orc comes into view. It is wielding a +0 club.
An orc priest comes into view. It is wielding a +0 mace.
The iron imp hits you.
The orc wizard shouts!
The orc priest shouts!
You hit the iron imp but do no damage. Your grab misses the iron imp.
The iron imp hits you!
You hit the iron imp but do no damage. You grab the iron imp.
You squeeze the iron imp, but do no damage.
You constrict the iron imp.
The orc priest looks encouraged for a moment.
You hit the iron imp.
The iron imp is moderately wounded.
You constrict the iron imp. The iron imp closely misses you.
An adder zombie comes into view.
You hit the iron imp.
You squeeze the iron imp, but do no damage.
The iron imp is heavily wounded.
You constrict the iron imp.
The orc priest looks encouraged for a moment.
The iron imp barely misses you.
You hit the iron imp.
The iron imp is heavily wounded.
You constrict the iron imp.
The orc wizard gestures at you while chanting.
The magic dart hits you!
The orc priest calls down the wrath of Beogh upon you.
Beogh smites you!
You can now pass through a line of other dancers.
You are too injured to fight recklessly!
You are too injured to fight recklessly!
You are too injured to fight recklessly!
You closely miss the orc wizard. Your grab misses the orc wizard.
You constrict the iron imp. The iron imp hits you.
The orc wizard gestures at you while chanting.
The magic dart hits you!
* * * LOW HITPOINT WARNING * * *
The orc priest invokes the aid of Beogh against you.
Pain shoots through your body!
You die...

#...........#
#...........#
###......######
#........#
#.#.....(##
#.###.....# #.#
#.....#
#.###o....##
#...@5...Z..
#....o......
#....oo_....
##..........
#..........
####.....##
.....# .....#


You could see an iron imp, 2 orc priests, an orc wizard, an orc and an adder
zombie.

Vanquished Creatures
  Pikel (D:4)
  Duvessa (D:4)
  2 phantoms
  2 slaves (D:4)
  An ogre (D:4)
  Dowan (D:4)
  A crimson imp (D:3)
  4 orc wizards (D:4)
  Ijyb (D:4)
  A worker ant (D:5)
  5 adders
  3 gnolls (D:3)
  A worm (D:4)
  A dart slug (D:1)
  3 leopard geckos
  7 orcs (D:4)
  A ball python (D:3)
  3 giant cockroaches
  5 goblins
  7 hobgoblins
  2 bats
  A frilled lizard (D:1)
  9 kobolds
  3 rats (D:1)
66 creatures vanquished.

Vanquished Creatures (others)
  A slave (D:4)
  A giant cockroach (D:4)
  A frilled lizard (D:4)
3 creatures vanquished.

Grand Total: 69 creatures vanquished

Notes
Turn   | Place    | Note
-------+----------+-------------------------------------------
     0 | D:1      | EnegeticOcto the Octopode Fighter began the quest for the
                  | Orb.
     0 | D:1      | Reached XP level 1. HP: 16/16 MP: 1/1
   246 | D:1      | Reached XP level 2. HP: 15/21 MP: 2/2
   693 | D:1      | Reached XP level 3. HP: 26/26 MP: 3/3
  1333 | D:2      | Reached skill level 3 in Long Blades
  1475 | D:2      | Found a faded altar of an unknown god.
  1475 | D:2      | Found a shattered altar of Ashenzari.
  1482 | D:2      | Found a faded altar of an unknown god.
  1484 | D:2      | Found a hide-covered altar of Uskayaw.
  1486 | D:2      | Found an ancient bone altar of Kikubaaqudgha.
  1490 | D:2      | Became a worshipper of Uskayaw the Reveler
  2017 | D:3      | Reached * piety under Uskayaw
  2018 | D:3      | Reached XP level 4. HP: 27/31 MP: 4/4
  2018 | D:3      | Reached ** piety under Uskayaw
  2660 | D:3      | Found a shadowy altar of Dithmenos.
  2774 | D:3      | Reached XP level 5. HP: 36/36 MP: 5/5
  2779 | D:3      | Reached *** piety under Uskayaw
  3096 | D:4      | Found an iron altar of Okawaru.
  3110 | D:4      | Noticed an ogre
  3120 | D:4      | Noticed a slave
  3126 | D:4      | Noticed a slave
  3126 | D:4      | Noticed a slave
  3129 | D:4      | Noticed Pikel
  3129 | D:4      | Noticed a slave
  3137 | D:4      | Killed a slave
  3139 | D:4      | Killed a slave
  3233 | D:4      | Killed Pikel
  3233 | D:4      | Reached skill level 4 in Long Blades
  3233 | D:4      | Reached XP level 6. HP: 4/43 MP: 5/7
  3233 | D:4      | Reached XP level 7. HP: 5/48 MP: 5/8
  3416 | D:4      | Reached skill level 5 in Long Blades
  3468 | D:4      | Found an ornate altar of the Wu Jian Council.
  3495 | D:4      | Reached **** piety under Uskayaw
  3632 | D:4      | Found a hazy altar of Hepliaklqana.
  3632 | D:4      | Noticed Duvessa
  3633 | D:4      | Noticed Ijyb
  3633 | D:4      | Noticed Dowan
  3646 | D:4      | Killed Duvessa
  3646 | D:4      | Reached XP level 8. HP: 30/54 MP: 8/10
  3647 | D:4      | Killed Ijyb
  3651 | D:4      | Killed Dowan
  3958 | D:4      | Found a staircase to the Ecumenical Temple.
  3992 | D:5      | Entered Level 5 of the Dungeon
  4051 | D:5      | Found a snail-covered altar of Cheibriados.
  4060 | D:5      | Killed from afar by an orc priest

Levels and vault maps discovered:
D:1:      minmay_arrival_floating_metal, layout_loops_ring
D:2:      layout_basic, chequers_temple_overflow_minitemple,
          kennysheep_decorative_pillar
D:3:      layout_basic, lemuel_statue_altar
D:4:      layout_loops_ring, kennysheep_mini_moat, lemuel_crystal_altar,
          nicolae_overflow_crystal_walls, minmay_temple_entry_poolview,
          first_ration, minmay_misc_feat_plants, uniq_ijyb, uniq_duvessa,
          uniq_pikel
D:5:      lemuel_upstairs_altar, layout_basic, slow_altar_1

Skill      XL: |  1  2  3  4  5  6  7  8 |
---------------+-------------------------+-----
Long Blades    | 3 4 5 |  5.8
Fighting       | 4 |  4.8
Dodging        | 4 |  4.8
Stealth        | 3 4 |  4.3
Shields        | 4 |  4.9
Invocations    | 2 3 |  3.2

Action                   |  1- 3 |  4- 6 |  7- 9 || total
-------------------------+-------+-------+-------++-------
Melee: Long sword        |    25 |       |       ||    25
       Constrict         |    13 |    15 |    11 ||    39
       Tentacles         |     8 |    10 |    11 ||    29
       Dagger            |    19 |    42 |    67 ||   128
Invok: Line Pass         |       |       |     1 ||     1
  Use: Scroll            |       |     8 |     6 ||    14
 Stab: Sleeping          |     3 |     1 |     3 ||     7
       Paralysed         |       |     1 |     5 ||     6
  Eat: Chunk             |     3 |     4 |     3 ||    10
Armor: Skin              |     2 |     1 |     1 ||     4
Dodge: Dodged            |    31 |     9 |    20 ||    60
Block: Kite shield       |    15 |    24 |    17 ||    56
       Rpst.: Long sword |     7 |       |       ||     7

Table legend:
 A = Non-vault XP
 B = Vault XP
 C = Vault XP percentage of total XP
 D = Non-vault monster count
 E = Vault monster count
 F = Vault count percentage of total count
                 A         B        C        D         E       F
            +---------+---------+-------+---------+---------+-------
      Total |     816 |     889 |  52.1 |      60 |       4 |   6.2
            +---------+---------+-------+---------+---------+-------
        D:1 |      39 |       0 |   0.0 |      22 |       0 |   0.0
        D:2 |      34 |       0 |   0.0 |       6 |       0 |   0.0
        D:3 |     132 |       0 |   0.0 |      13 |       0 |   0.0
        D:4 |     450 |     889 |  66.4 |      17 |       4 |  19.0
        D:5 |     161 |       0 |   0.0 |       2 |       0 |   0.0
            +---------+---------+-------+---------+---------+-------
